 Dungeon Crawl Stone Soup version 0.19.4 (webtiles) character file.

56090 Kiturien the Severer (level 14, -7/129 HPs)
             Began as a Hill Orc Fighter on Feb 3, 2017.
             Was the Champion of Qazlal.
             Killed from afar by a shadow dragon (48 damage)
             ... with a bolt of negative energy
             ... on level 3 of the Abyss.
             The game lasted 01:22:37 (18744 turns).

Kiturien the Severer (Hill Orc Fighter)            Turns: 18744, Time: 01:22:39

Health: -7/129     AC: 19    Str: 24    XL:     14   Next: 80%
Magic:  14/14      EV:  8    Int: 10    God:    Qazlal [******]
Gold:   1752       SH: 27    Dex: 10    Spells: 0 memorised, 13 levels left

rFire  + + .     SeeInvis .     P - +6 war axe of Theory {holy, Int+2}
rCold  . . .     Gourm    .     V - +1 plate armour {rPois}
rNeg   . . .     Faith    .     c - +0 shield
rPois  +         Spirit   .     l - +0 helmet
rElec  +         Reflect  +     (no cloak)
rCorr  .         Harm     .     (no gloves)
MR     +....                    L - +0 pair of boots
Stlth  ..........               E - +6 amulet of reflection
                                r - ring of protection from fire
                                G - ring of protection from fire

@: about to teleport, protected from electricity, repel missiles, drained
A: blink
a: Blink, Upheaval, Elemental Force, Disaster Area, Renounce Religion


You were on level 3 of the Abyss.
You worshipped Qazlal.
Qazlal was exalted by your worship.
You were not hungry.

You visited 5 branches of the dungeon, and saw 18 of its levels.
You visited the Abyss 1 time.

You collected 1752 gold pieces.

Inventory:

Hand Weapons
 b - a +3 war axe of chopping
 e - a +2 broad axe
 D - a +3 scimitar of flaming
 P - the +6 war axe of Theory (weapon) {holy, Int+2}
   (You found it on level 1 of the Lair of Beasts)

   It has been blessed by the Shining One to cause great damage to the undead
   and demons.
   It affects your intelligence (+2).
Armour
 c - a +0 shield (worn)
 l - a +0 helmet (worn)
 L - a +0 pair of boots (worn)
 S - the +2 robe of Zuxaiwn {rC+ Dex+3}
   (You found it on level 2 of the Lair of Beasts)

   It affects your dexterity (+3).
   It protects you from cold.
 V - a +1 plate armour of poison resistance (worn)
 Y - a +2 chain mail of fire resistance
Jewellery
 r - a ring of protection from fire (right hand)
 u - an uncursed ring of protection from magic
 E - a +6 amulet of reflection (around neck)
 G - a ring of protection from fire (left hand)
Wands
 g - a wand of digging (7/24)
 h - a wand of slowing (28/48)
 j - a wand of flame (24/48)
 x - a wand of polymorph (6/24)
 z - a wand of lightning (14/15)
 H - a wand of flame (26/48)
 M - a wand of slowing (40/48)
 Q - a wand of polymorph (14/24)
Scrolls
 a - 6 scrolls of remove curse
 k - a scroll of enchant armour
 q - 6 scrolls of amnesia
 t - 3 scrolls of fog
 v - a scroll of magic mapping
 y - 2 scrolls of immolation
 I - a scroll of vulnerability {unknown}
 T - 2 scrolls of recharging
 W - 2 scrolls of identify
Potions
 d - a potion of might
 i - 11 potions of curing
 p - 2 potions of ambrosia
 s - 3 potions of flight
 w - 2 potions of mutation
 J - a potion of brilliance {unknown}
 O - a potion of cure mutation
 R - a potion of resistance
 U - a potion of haste
Books
 n - a book of Misfortune

   Spells                             Type                      Level
   a - Confusing Touch                Hexes                        1
   b - Confuse                        Hexes                        3
   c - Gell's Gravitas                Hexes/Translocation          3
   d - Petrify                        Transmutation/Earth          4
   e - Metabolic Englaciation         Hexes/Ice                    5
   f - Yara's Violent Unravelling     Hexes/Transmutation          5
 A - a book of Changes

   Spells                             Type                      Level
   a - Beastly Appendage              Transmutation                1
   b - Sticks to Snakes               Transmutation                2
   c - Spider Form                    Transmutation/Poison         3
   d - Ice Form                       Ice/Transmutation            4
   e - Blade Hands                    Transmutation                5
 F - a book of Callings

   Spells                             Type                      Level
   a - Summon Small Mammal            Summoning                    1
   b - Call Imp                       Summoning                    2
   c - Call Canine Familiar           Summoning                    3
   d - Summon Guardian Golem          Hexes/Summoning              3
   e - Summon Lightning Spire         Summoning/Air                4
   f - Summon Ice Beast               Ice/Summoning                4
Miscellaneous
 N - a phial of floods
Comestibles
 f - 7 bread rations
 m - 5 meat rations
 o - 9 fruits


   Skills:
 + Level 13.5(12.5) Fighting
 - Level 16.5(15.5) Axes
 + Level 12.7(11.8) Armour
 * Level 4.5(3.8) Dodging
 - Level 15.0(14.0) Shields


You had 13 spell levels left.
You didn't know any spells.

Dungeon Overview and Level Annotations

Branches:
Dungeon (10/15)            Temple (1/1) D:6            Lair (3/6) D:10
  Swamp (2/4) Lair:3        Snake (0/4) Lair:2          Orc (2/2) D:9
    Elf (0/3) Orc:2

Altars:
Ashenzari
Cheibriados
Dithmenos
Elyvilon
Fedhas
Gozag
Hepliaklqana
Kikubaaqudgha
Makhleb
Nemelex Xobeh
Okawaru
Qazlal
Ru
Sif Muna
Trog
Uskayaw
Vehumet
Xom
Yredelemnul
Zin
The Shining One

Shops:
D:7 (   D:9 =   Orc:2 ([?*

Annotations:
Swamp:2 Louise


Innate Abilities, Weirdness & Mutations

You can translocate small distances at will.


Message History

As you read the scroll of teleportation, it crumbles to dust.
You feel strangely unstable.
You feel the power of the Abyss delaying your translocation!
The worldbinder calls forth creatures from the Orcish Mines!
You block the raiju's attack.
Unknown command.
You closely miss the raiju. You hit the worldbinder.
You hit the raiju but do no damage. You block the raiju's attack.
The orc priest casts a cantrip, but nothing happens.
The worldbinder hits you but does no damage.
You block the worldbinder's attack.
Unknown command.
You hit the raiju.
The raiju is lightly wounded.
You hit the raiju. You hit the worldbinder.
The shadow dragon breathes negative energy at you.
The bolt of negative energy hits the worldbinder.
The worldbinder completely resists.
The bolt of negative energy hits you!
You feel drained.
You die...

#...≈≈≈.≈≈ .....#
#..#
...≈≈...≈o≈.≈≈..##..#
. ≈. ...≈h..≈.≈≈...#
#.#..♣.o....≈≈.≈.## #
.≈...$♣♣......... #
.....3.......≈. #.# #
# ?..≈.#§.oDh.....#
.## #
##.###.§#x#..#..###.
# #...#h@###.#. #3
#..####h#. ## .. ..
.# #.#.. . ## #.#..
.. #. .### . # .# . #
#


You could see a shadow dragon, a worldbinder, 3 raiju, a ynoxinul and 2 orc
priests.

Vanquished Creatures
  A bone dragon (Abyss:3)
  An orc warlord (Orc:2)
  Azrael (Orc:2)
  Snorg (Orc:1)
  3 hydras
  6 alligators (Swamp:1)
  Erica (D:10)
  2 dancing weapons
  2 thrashing horrors (Abyss:3)
  5 orc high priests (Orc:2)
  5 spriggans
  A swamp dragon (Lair:3)
  A deep elf archer (Orc:2)
  A shambling mangrove (Swamp:2)
  Pikel (D:8)
  6 orc knights (Orc:2)
  A cyclops (D:8)
  11 orc sorcerers
  2 black mambas (Lair:1)
  Psyche (D:7)
  10 spiny frogs
  The ghost of Jovan the Ducker, a novice HuWn of Okawaru (D:6)
  2 rime drakes (Lair:3)
  A komodo dragon (Lair:3)
  An ancient zyme (Abyss:3)
  5 tyrant leeches
  8 trolls
  6 hornets
  A hippogriff (D:9)
  A meliai zombie (D:10)
  2 bog bodies
  A vampire (Swamp:1)
  A shadow (Swamp:1)
  16 yaks
  2 small abominations (Abyss:3)
  A ynoxinul (Abyss:3)
  A wraith (D:10)
  2 fire elementals (Orc:2)
  Eustachio (D:6)
  A basilisk (Lair:3)
  5 insubstantial wisps (Swamp:1)
  4 vampire mosquitoes (Lair:3)
  Menkaure (D:5)
  3 wargs
  4 water moccasins
  2 nagas (Lair:2)
  8 swamp worms
  2 hell hounds
  33 orc warriors
  5 porcupines
  2 black bears
  5 swamp drakes
  3 sky beasts
  An ice beast (D:8)
  12 ogres
  A necrophage (D:8)
  3 centaurs
  7 crocodiles
  6 gnoll sergeants
  5 big kobolds
  10 bullfrogs
  A water moccasin zombie (D:8)
  5 scorpions
  2 howler monkeys (D:5)
  An electric eel (Lair:3)
  A bullfrog zombie (D:10)
  3 crimson imps
  2 bullfrog skeletons
  A centaur zombie (D:6)
  A jelly (D:9)
  2 centaur skeletons
  3 hounds
  17 orc priests
  27 orc wizards
  Jessica (D:2)
  4 iguanas
  Ijyb (D:2)
  8 worker ants
  A killer bee zombie (D:6)
  A hound zombie (D:9)
  A howler monkey skeleton (D:6)
  8 gnolls (D:9)
  9 adders
  3 shadow imps
  An ooze (D:6)
  2 adder zombies (D:8)
  3 adder skeletons
  2 worms
  A dart slug (D:1)
  6 leopard geckos
  91 orcs
  6 bats
  5 giant cockroaches
  9 goblins
  6 hobgoblins
  2 jackals (D:2)
  6 quokkas
  2 ball pythons
  5 frilled lizards
  21 kobolds
  A leopard gecko zombie (D:8)
  3 rats
  11 fungi
  8 plants
533 creatures vanquished.

Vanquished Creatures (others)
  Nessos (Orc:2)
  A shambling mangrove (Swamp:1)
  4 slaves (D:8)
  A centaur (D:10)
  A scorpion (D:8)
  An iguana (D:8)
  An orc wizard (D:8)
  An orc (D:8)
  A kobold (D:10)
  A fungus (Lair:3)
  A plant (Lair:2)
14 creatures vanquished.

Grand Total: 547 creatures vanquished

Notes
Turn   | Place    | Note
-------+----------+-------------------------------------------
     0 | D:1      | Kiturien the Hill Orc Fighter began the quest for the Orb.
     0 | D:1      | Reached XP level 1. HP: 19/19 MP: 1/1
   328 | D:1      | Reached XP level 2. HP: 27/27 MP: 2/2
   634 | D:1      | Reached skill level 3 in Axes
   949 | D:2      | Found a shattered altar of Ashenzari.
   989 | D:2      | Reached XP level 3. HP: 33/33 MP: 3/3
  1068 | D:2      | Noticed Ijyb
  1075 | D:2      | Killed Ijyb
  1075 | D:2      | Reached skill level 4 in Axes
  1075 | D:2      | Reached XP level 4. HP: 30/40 MP: 4/4
  1347 | D:2      | Noticed Jessica
  1359 | D:2      | Killed Jessica
  1372 | D:2      | Found a shadowy altar of Dithmenos.
  1372 | D:2      | Found a faded altar of an unknown god.
  1378 | D:2      | Found a faded altar of an unknown god.
  1380 | D:2      | Found a faded altar of an unknown god.
  1382 | D:2      | Found a faded altar of an unknown god.
  1591 | D:3      | Reached XP level 5. HP: 33/46 MP: 5/5
  2117 | D:4      | Found a blossoming altar of Fedhas.
  2267 | D:4      | Reached skill level 5 in Axes
  2436 | D:4      | Reached XP level 6. HP: 45/53 MP: 6/6
  2650 | D:5      | Entered Level 5 of the Dungeon
  2867 | D:5      | Reached skill level 5 in Shields
  2868 | D:5      | Reached skill level 1 in Dodging
  2894 | D:5      | Reached skill level 6 in Axes
  2900 | D:5      | Noticed Menkaure
  2907 | D:5      | Reached XP level 7. HP: 28/60 MP: 7/7
  2910 | D:5      | Killed Menkaure
  2910 | D:5      | Reached skill level 5 in Fighting
  3084 | D:5      | Gained mutation: You can translocate small distances at will. [potion of beneficial mutation]
  3399 | D:5      | Reached skill level 7 in Axes
  3434 | D:5      | Reached skill level 5 in Armour
  3658 | D:6      | Reached XP level 8. HP: 69/69 MP: 8/8
  3660 | D:6      | Found a deep blue altar of Sif Muna.
  3686 | D:6      | Noticed Eustachio
  3729 | D:6      | Noticed Jovan's ghost (novice HuWn)
  3729 | D:6      | Killed Eustachio
  3729 | D:6      | Reached skill level 8 in Axes
  3820 | D:6      | Killed Jovan's ghost
  3874 | D:6      | Reached skill level 9 in Axes
  3953 | D:6      | Found a staircase to the Ecumenical Temple.
  3988 | Temple   | Entered the Ecumenical Temple
  4219 | Temple   | Became a worshipper of Qazlal Stormbringer
  4892 | D:7      | Found Duus's Weapon Shoppe.
  5053 | D:7      | Reached XP level 9. HP: 78/78 MP: 9/9
  5084 | D:7      | Reached skill level 10 in Axes
  5661 | D:8      | Noticed a cyclops
  5687 | D:8      | Reached * piety under Qazlal
  5694 | D:8      | HP: 3/79 [yak (11)]
  5700 | D:8      | Noticed Pikel
  5727 | D:8      | Killed Pikel
  5727 | D:8      | Reached skill level 11 in Axes
  6007 | D:8      | Reached XP level 10. HP: 42/88 MP: 10/10
  6089 | D:8      | Noticed Psyche
  6092 | D:8      | Noticed a hand axe
  6097 | D:8      | Noticed a hand axe
  6105 | D:7      | Killed Psyche
  6278 | D:7      | Killed a hand axe
  6278 | D:7      | Reached skill level 12 in Axes
  6400 | D:8      | Found a hide-covered altar of Uskayaw.
  6442 | D:8      | Killed a cyclops
  6620 | D:8      | Found an ancient bone altar of Kikubaaqudgha.
  6709 | D:8      | Found an iron altar of Okawaru.
  7131 | D:8      | Killed a hand axe
  7325 | D:8      | Found a shattered altar of Ashenzari.
  7387 | D:8      | Reached skill level 13 in Axes
  7478 | D:8      | Reached ** piety under Qazlal
  7490 | D:8      | Reached XP level 11. HP: 37/97 MP: 11/11
  7821 | D:9      | Found a staircase to the Orcish Mines.
  8383 | Orc:1    | Entered Level 1 of the Orcish Mines
  8392 | Orc:1    | Noticed an orc sorcerer
  8399 | D:9      | Reached *** piety under Qazlal
  9000 | D:9      | Found Onlauc's Jewellery Emporium.
  9262 | D:10     | Entered Level 10 of the Dungeon
  9276 | D:10     | Reached skill level 14 in Axes
  9341 | D:10     | Found a staircase to the Lair.
  9364 | D:10     | Reached **** piety under Qazlal
  9498 | D:10     | Noticed Erica
  9543 | D:10     | Killed Erica
  9719 | D:10     | Reached skill level 10 in Shields
 10024 | Lair:1   | Entered Level 1 of the Lair of Beasts
 10055 | Lair:1   | Reached skill level 10 in Fighting
 10202 | Lair:1   | Reached XP level 12. HP: 102/105 MP: 12/12
 10248 | Lair:1   | Got a jewelled war axe
 10249 | Lair:1   | Identified the +6 war axe of Theory {holy, Int+2} (You found it on level 1 of the Lair of Beasts)
 10886 | Lair:2   | Got a heavily jewelled robe
 10914 | Lair:2   | Identified the +2 robe of Zuxaiwn {rC+ Dex+3} (You found it on level 2 of the Lair of Beasts)
 11066 | Lair:2   | Found a staircase to the Snake Pit.
 11069 | Lair:2   | Reached skill level 15 in Axes
 11399 | Orc:1    | Paralysed by an orc sorcerer for 2 turns
 12093 | Orc:1    | Found a bloodstained altar of Trog.
 12302 | Orc:2    | Entered Level 2 of the Orcish Mines
 12326 | Orc:2    | Noticed Snorg
 12354 | Orc:1    | Killed Snorg
 12724 | Orc:2    | Noticed Nessos
 12735 | Orc:2    | Killed Nessos
 12741 | Orc:2    | Noticed an orc high priest
 12758 | Orc:2    | Killed an orc high priest
 13131 | Orc:2    | Reached ***** piety under Qazlal
 13356 | Orc:2    | Reached skill level 16 in Axes
 13432 | Orc:2    | Reached XP level 13. HP: 116/116 MP: 13/13
 13473 | Orc:2    | Reached skill level 10 in Armour
 13478 | Orc:2    | Noticed an orc warlord
 13488 | Orc:2    | Noticed Azrael
 13736 | Orc:2    | Killed an orc warlord
 14160 | Orc:2    | Killed Azrael
 14351 | Orc:2    | Found a staircase to the Elven Halls.
 14393 | Orc:2    | Paralysed by an orc sorcerer for 5 turns
 15147 | Orc:2    | Found Satoegg's Armour Shop.
 15147 | Orc:2    | Found Uxzizib's Antique Weapon Shop.
 15148 | Orc:2    | Found Zesirpho's General Store.
 15148 | Orc:2    | Found Aloidoest's Magic Scroll Emporium.
 15878 | Lair:3   | Found a staircase to the Swamp.
 16677 | Swamp:1  | Entered Level 1 of the Swamp
 16701 | Lair:3   | Reached XP level 14. HP: 55/127 MP: 14/14
 17493 | Swamp:1  | Found an iron altar of Okawaru.
 17990 | Swamp:1  | Reached skill level 15 in Shields
 18451 | Swamp:2  | Reached ****** piety under Qazlal
 18629 | Swamp:2  | Noticed Louise
 18651 | Swamp:2  | Cast into level 3 of the Abyss (Louise)
 18669 | Abyss:3  | Noticed a bone dragon
 18697 | Abyss:3  | Killed a bone dragon
 18734 | Abyss:3  | Noticed a shadow dragon
 18744 | Abyss:3  | Killed from afar by a shadow dragon

Skill      XL: |  1  2  3  4  5  6  7  8  9 10 11 12 13 14 |
---------------+-------------------------------------------+-----
Axes           | 3 4 5 6 7 9 11 13 14 16 | 16.5
Fighting       | 4 5 6 7 9 10 11 12 13 | 13.5
Shields        | 4 5 6 7 8 10 12 13 15 | 15.0
Armour         | 4 5 7 8 9 11 12 | 12.7
Dodging        | 1 2 3 4 |  4.5

Action                   |  1- 3 |  4- 6 |  7- 9 | 10-12 | 13-15 || total
-------------------------+-------+-------+-------+-------+-------++-------
Melee: War axe           |    90 |   159 |   293 |   674 |   603 ||  1819
       Scimitar          |       |       |       |       |    23 ||    23
Invok: Upheaval          |       |       |       |     2 |       ||     2
 Abil: Blink             |       |       |     1 |       |     1 ||     2
Evoke: Wand              |       |       |       |     1 |       ||     1
  Use: Scroll            |       |     6 |    13 |     3 |     3 ||    25
       Potion            |       |     6 |     5 |     2 |     4 ||    17
  Eat: Chunk             |       |     5 |    13 |    17 |    10 ||    45
       Pizza             |       |       |     3 |       |       ||     3
       Beef jerky        |       |       |     1 |       |     1 ||     2
       Bread ration      |       |       |       |       |     1 ||     1
       Royal jelly       |       |       |       |       |     1 ||     1
Armor: Scale mail        |    54 |    68 |     4 |       |       ||   126
       Chain mail        |       |       |   107 |    91 |       ||   198
       Plate armour      |       |       |       |    71 |   140 ||   211
Dodge: Dodged            |    36 |    51 |    63 |   101 |    83 ||   334
       Deflected         |       |       |       |     1 |       ||     1
Block: Shield            |    42 |    85 |   156 |   578 |   585 ||  1446
       Reflection        |       |       |       |    22 |     4 ||    26
       Rpst.: Scimitar   |       |       |       |       |     1 ||     1
